[Event "Titled Tuesday Blitz May 16 Late 2023"]
[White "Deac, Bogdan-Daniel"]
[Black "Kramnik, Vladimir"]
[WhiteFideId "1226380"]
[BlackFideId "4101588"]
[WhiteElo "2649"]
[BlackElo "2703"]
[Result "0-1"]
[Round "09"]
[TimeControl "180+2"]
[Date "2023.05.16"]
[WhiteClock "0:00:02"]
[BlackClock "0:00:03"]

1. e4 e6 2. Qe2 c5 3. Nf3 Nc6 4. g3 g6 5. Bg2 Bg7 6. O-O Nge7 7. c3 O-O 8. Rd1 e5 9. Na3 d5 10. exd5 Nxd5 11. d3 h6 12. Nc4 Re8 13. a4 b6 14. Nfd2 Be6 15. Ne4 Qd7 16. Ned6 Red8 17. Re1 Qe7 18. Ne4 Rab8 19. h4 a6 20. Ned2 b5 21. axb5 axb5 22. Na5 Nxa5 23. Rxa5 Qc7 24. Ra6 Rb6 25. Rxb6 Nxb6 26. Nf3 Bg4 27. Qe4 f5 28. Qe3 Nd5 29. Qe2 c4 30. dxc4 bxc4 31. Qf1 e4 32. Nd2 e3 33. fxe3 Qxg3 34. Qf2 Qxf2+ 35. Kxf2 Bf6 36. Rh1 Nb6 37. e4 Be7 38. exf5 Bc5+ 39. Kf1 gxf5 40. Bh3 Kf7 41. h5 Be3 42. Bxg4 fxg4 43. Ke2 Re8 44. Rf1+ Kg7 45. Rh1 Bg5+ 46. Kf2 Kf6 47. Nb1 Kf5 48. Na3 Bxc1 49. Rxc1 Kf4 50. Rf1 g3+ 51. Kg2+ Kg4 52. Rf6 Re2+ 53. Kg1 Rxb2 54. Rxh6 Kh3 55. Rf6 Nd5 56. Rf3 Ra2 57. h6 Ra1+ 58. Rf1 Rxf1+ 59. Kxf1 Kh2 60. h7 g2+ 61. Ke2 Nf4+ 62. Ke3 Ng6 63. Nxc4 g1=Q+ 0-1


[Site "https://www.chess.com"]

[Event "Titled Tuesday Blitz May 16 Late 2023"]
[White "Zhigalko, Sergei"]
[Black "Sviridov, Valery"]
[WhiteFideId "13502956"]
[BlackFideId "4120680"]
[WhiteElo "2626"]
[BlackElo "2457"]
[Result "1-0"]
[Round "09"]
[TimeControl "180+2"]
[Date "2023.05.16"]
[WhiteClock "0:00:02"]
[BlackClock "0:00:21"]

1. e4 e5 2. Nf3 Nc6 3. Bb5 Nge7 4. O-O g6 5. c3 Bg7 6. d4 exd4 7. cxd4 O-O 8. Nc3 d5 9. exd5 Nxd5 10. Bxc6 bxc6 11. Bg5 Qd6 12. Ne4 Qb4 13. Qc1 Bf5 14. a3 Qb6 15. Nc5 Rfe8 16. Bd2 a5 17. h3 a4 18. Re1 Qb5 19. Bc3 Qc4 20. Qd2 Nxc3 21. Qxc3 Qb5 22. Ne5 Be6 23. Ncd3 Bd5 24. Nb4 Re6 25. Re3 Rae8 26. Rae1 Bf8 27. Ng4 Bg7 28. Rxe6 Rxe6 29. Rxe6 fxe6 30. Ne5 c5 31. Nxd5 Qe2 32. Nf4 Qd1+ 33. Kh2 1-0


[Site "https://www.chess.com"]

[Event "Titled Tuesday Blitz May 16 Late 2023"]
[White "Samsonkin, Artiom"]
[Black "Ibarra Jerez, Jose Carlos"]
[WhiteFideId "13503111"]
[BlackFideId "2226332"]
[WhiteElo "2524"]
[BlackElo "2638"]
[Result "1-0"]
[Round "09"]
[TimeControl "180+2"]
[Date "2023.05.16"]
[WhiteClock "0:00:08"]
[BlackClock "0:00:00"]

1. e4 c5 2. Nf3 Nc6 3. Bb5 e6 4. O-O Nge7 5. Nc3 Nd4 6. Nxd4 cxd4 7. Ne2 a6 8. Ba4 b5 9. Bb3 Nc6 10. d3 Bc5 11. f4 O-O 12. f5 Kh8 13. Ng3 Bd6 14. Nh5 f6 15. Qg4 Qe7 16. Nf4 Bxf4 17. Bxf4 e5 18. Bd2 Bb7 19. Rf3 Nd8 20. Rh3 Nf7 21. Qh5 Nh6 22. Bxh6 gxh6 23. Qxh6 d5 24. exd5 Rad8 25. Re1 Qg7 26. Qh4 Bxd5 27. Bxd5 Rxd5 28. Re4 Rc5 29. Rg4 Qf7 30. Rhg3 Rxc2 31. Qh6 Rfc8 32. h4 R2c7 33. Kh2 Re7 34. h5 Qf8 35. Rg8+ Qxg8 36. Qxf6+ Qg7 37. Rxg7 Rxg7 38. h6 1-0


[Site "https://www.chess.com"]

[Event "Titled Tuesday Blitz May 16 Late 2023"]
[White "Rodshtein, Maxim"]
[Black "Naroditsky, Daniel"]
[WhiteFideId "2806851"]
[BlackFideId "2026961"]
[WhiteElo "2555"]
[BlackElo "2633"]
[Result "0-1"]
[Round "09"]
[TimeControl "180+2"]
[Date "2023.05.16"]
[WhiteClock "0:00:00"]
[BlackClock "0:00:03"]

1. c4 g6 2. e4 Bg7 3. d4 d6 4. Nc3 Nf6 5. Nge2 O-O 6. Ng3 c6 7. Be2 Nbd7 8. Be3 a6 9. a4 a5 10. O-O e5 11. d5 Nc5 12. Rb1 h5 13. f3 h4 14. Nh1 Nh5 15. Nf2 Nf4 16. Kh1 Qg5 17. Rg1 Qh5 18. b4 axb4 19. Rxb4 h3 20. g4 Qh4 21. Bf1 Bf6 22. Rg3 Kg7 23. Nxh3 Rh8 24. Qd2 g5 25. Kg1 Bd7 26. dxc6 Bxc6 27. Qxd6 Ncd3 28. Rb1 Rad8 29. Qa3 Nxh3+ 30. Rxh3 Qxh3 31. Bxh3 Rxh3 32. Kg2 Rdh8 33. Rh1 Bd7 34. Nd5 Bxg4 35. fxg4 Nf4+ 36. Kg1 Rf3 0-1


[Site "https://www.chess.com"]

[Event "Titled Tuesday Blitz May 16 Late 2023"]
[White "Martinez Alcantara, Jose Eduardo"]
[Black "Krzyzanowski, Marcin"]
[WhiteFideId "3805662"]
[BlackFideId "1132199"]
[WhiteElo "2711"]
[BlackElo "2471"]
[Result "1-0"]
[Round "09"]
[TimeControl "180+2"]
[Date "2023.05.16"]
[WhiteClock "0:00:07"]
[BlackClock "0:00:00"]

1. e4 c5 2. Nf3 Nc6 3. c3 Nf6 4. Bd3 d6 5. h3 e5 6. Bc2 Be7 7. d3 O-O 8. Bg5 Ne8 9. Bxe7 Qxe7 10. Nbd2 Be6 11. Bb3 Nc7 12. Bxe6 Nxe6 13. Nc4 f5 14. Ne3 f4 15. Nd5 Qf7 16. Qb3 h6 17. a4 Rab8 18. Nd2 Rfd8 19. Nc4 Ne7 20. Nd2 Nxd5 21. Qxd5 Nc7 22. Qxf7+ Kxf7 23. h4 b6 24. g3 fxg3 25. fxg3 d5 26. Ke2 Ke6 27. Rhf1 a6 28. Rf3 Rf8 29. Rxf8 Rxf8 30. b4 cxb4 31. cxb4 Kd7 32. a5 Rb8 33. exd5 bxa5 34. bxa5 Nxd5 35. Nc4 Ke6 36. Kd2 Rb5 37. Re1 Nb4 38. Ra1 Nc6 39. Ke3 Kd5 40. Nb6+ Ke6 41. Nc4 Kd5 42. g4 g5 43. hxg5 hxg5 44. Nb6+ Ke6 45. Nc4 Kd5 46. Ra2 Rb3 47. Nb6+ Ke6 48. Na4 Kd5 49. Rh2 Nxa5 50. Rc2 Nb7 51. Nc3+ Ke6 52. Ne4 a5 53. Rc6+ Kd7 54. Ra6 Rb4 55. Nf6+ Kc8 56. Rc6+ Kb8 57. Ne4 Ka7 58. Kf3 a4 59. Nxg5 a3 60. Rc1 Rf4+ 61. Kg3 a2 62. Ra1 Ra4 63. Ne4 Na5 64. Nc3 Ra3 65. Rxa2 Rxc3 66. Rxa5+ Kb6 67. Rxe5 Rxd3+ 68. Kf4 Kc6 69. g5 Kd6 70. Re1 Rd2 71. g6 Rg2 72. Kf5 Kd7 73. Kf6 Kd6 74. g7 Rf2+ 75. Kg6 Rg2+ 76. Kf7 Rf2+ 77. Kg8 Kd7 78. Re4 1-0


[Site "https://www.chess.com"]

[Event "Titled Tuesday Blitz May 16 Late 2023"]
[White "Lazavik, Denis"]
[Black "Riehle, Marco"]
[WhiteFideId "13515110"]
[BlackFideId "12904392"]
[WhiteElo "2560"]
[BlackElo "2462"]
[Result "1-0"]
[Round "09"]
[TimeControl "180+2"]
[Date "2023.05.16"]
[WhiteClock "0:00:50"]
[BlackClock "0:00:09"]

1. d4 d5 2. c4 e6 3. Nf3 Nf6 4. g3 dxc4 5. Bg2 Bb4+ 6. Bd2 a5 7. a3 Bxd2+ 8. Nbxd2 b5 9. b3 cxb3 10. Qxb3 c6 11. O-O a4 12. Qb2 O-O 13. Rfc1 Bb7 14. Ne5 Nfd7 15. Nd3 Qe7 16. Ne4 Na6 17. Nec5 Naxc5 18. Nxc5 Nxc5 19. Rxc5 Rab8 20. Rac1 h6 21. e3 Rfd8 22. h4 Rdc8 23. Qb4 Rc7 24. Be4 Rbc8 25. Kg2 Qd6 26. Qc3 Qd7 27. Bb1 Rd8 28. Qd3 f5 29. Qc3 Qd6 30. Kg1 Bc8 31. Bd3 Bb7 32. Be2 Re7 33. Bf3 Rc8 34. Qb4 Rcc7 35. R1c3 e5 36. Rxb5 Qxb4 37. Rxb4 e4 38. Be2 Bc8 39. Rxa4 Be6 40. Bc4 Kh7 41. Bxe6 Rxe6 42. Rc5 Kg6 43. Rac4 Ra7 44. Rxc6 Kf6 45. d5 Rxc6 46. dxc6 Rc7 47. h5 Ke7 48. Kg2 Kd8 49. Rc5 Ra7 50. Rxf5 Rxa3 51. Rf7 Rc3 52. Rxg7 Rxc6 53. Rg6 Rc5 54. Rxh6 Ke7 55. g4 Kf7 56. Rg6 Ke7 57. h6 Kf7 58. Rg7+ Kf6 59. g5+ Ke5 60. h7 Kd5 61. h8=Q Kc4 62. Qg8+ Kd3 63. Qd8+ Ke2 64. Rc7 Rc1 65. Qd6 Rd1 66. Qxd1+ Kxd1 67. g6 1-0


[Site "https://www.chess.com"]

[Event "Titled Tuesday Blitz May 16 Late 2023"]
[White "Pap, Gyula"]
[Black "Sieciechowicz, Marcin"]
[WhiteFideId "725323"]
[BlackFideId "1130170"]
[WhiteElo "2519"]
[BlackElo "2302"]
[Result "1-0"]
[Round "09"]
[TimeControl "180+2"]
[Date "2023.05.16"]
[WhiteClock "0:00:50"]
[BlackClock "0:00:10"]

1. Nf3 Nf6 2. g3 d5 3. Bg2 c6 4. O-O Bf5 5. c4 e6 6. d3 Nbd7 7. cxd5 cxd5 8. Nc3 Bg6 9. Qb3 Qb6 10. Qxb6 Nxb6 11. Nb5 Rc8 12. Nxa7 Rc2 13. Nd4 Rc5 14. Bd2 Be7 15. Bb4 Rc7 16. Nab5 Rc8 17. Nd6+ Bxd6 18. Bxd6 Kd7 19. Bb4 h5 20. a4 h4 21. a5 Na8 22. Rfc1 Rxc1+ 23. Rxc1 h3 24. Bf1 Nc7 25. Nf3 Na6 26. Ne5+ Kd8 27. Bd6 Nd7 28. Nxg6 fxg6 29. d4 Nf6 30. e3 Kd7 31. Be5 Rc8 32. Rxc8 Kxc8 33. Bxh3 Kd7 34. f3 Nb4 35. Bf1 Nc6 36. Bb5 Kc8 37. a6 Na7 38. axb7+ Kxb7 39. Bd3 g5 40. g4 Nc6 41. Bd6 Na5 42. Kf2 Nc4 43. Bf8 Nxb2 44. Bg6 Kc7 45. Bxg7 Ng8 46. Bf7 Ne7 47. Bxe6 Kd6 48. Bf7 Nd3+ 49. Kg3 Nc6 50. Bf6 1-0


[Site "https://www.chess.com"]

[Event "Titled Tuesday Blitz May 16 Late 2023"]
[White "Mahdavi, Reza"]
[Black "Paravyan, David"]
[WhiteFideId "12595926"]
[BlackFideId "4194985"]
[WhiteElo "2352"]
[BlackElo "2563"]
[Result "1-0"]
[Round "09"]
[TimeControl "180+2"]
[Date "2023.05.16"]
[WhiteClock "0:00:05"]
[BlackClock "0:00:00"]

1. e4 e5 2. Nf3 Nf6 3. Nc3 Nc6 4. d4 exd4 5. Nxd4 Bb4 6. Nxc6 bxc6 7. Bd3 O-O 8. Bd2 d5 9. O-O Rb8 10. Re1 Bg4 11. Qc1 Re8 12. exd5 cxd5 13. Rb1 Qd7 14. a3 Bd6 15. Bg5 Be5 16. Qd2 c6 17. Na4 Qd6 18. h3 Bh5 19. b4 h6 20. Rxe5 Rxe5 21. Bf4 Rbe8 22. Nc5 Nd7 23. Nxd7 Qxd7 24. Bxe5 Rxe5 25. Qc3 Qe6 26. Qd4 Qe7 27. Kh2 Bg6 28. f4 Re3 29. f5 Bh5 30. Qf4 f6 31. a4 Be2 32. Re1 Re5 33. Bxe2 Rxe2 34. Qb8+ Kh7 35. Rxe2 Qxe2 36. Qxa7 Qe5+ 37. Kh1 Qa1+ 38. Kh2 Qe5+ 39. Kg1 Qe1+ 40. Kh2 Qxb4 41. Kh1 Qb1+ 42. Kh2 Qxc2 43. a5 Qa4 44. Qc7 d4 45. Qf7 Qb4 46. Qg6+ Kg8 47. Qe8+ Kh7 48. Qg6+ Kg8 49. Qe8+ Kh7 50. a6 Qd6+ 51. Kh1 Qa3 52. Qg6+ Kg8 53. Qe8+ Kh7 54. Qxc6 d3 55. Qe8 Qc1+ 56. Kh2 Qf4+ 57. Kg1 Qxf5 58. Qe3 Qb5 59. a7 Qb1+ 60. Kh2 Qb7 61. Qxd3+ g6 62. Qa3 Qc7+ 63. Kg1 Qb6+ 64. Kh2 Qc7+ 65. Kh1 Qf4 66. a8=Q Qf1+ 67. Kh2 1-0


[Site "https://www.chess.com"]

[Event "Titled Tuesday Blitz May 16 Late 2023"]
[White "Remizov, Yaroslav"]
[Black "Antipov, Mikhail Al."]
[WhiteFideId "34134015"]
[BlackFideId "4107012"]
[WhiteElo "2400"]
[BlackElo "2513"]
[Result "1-0"]
[Round "09"]
[TimeControl "180+2"]
[Date "2023.05.16"]
[WhiteClock "0:00:06"]
[BlackClock "0:00:02"]

1. e4 c5 2. Nf3 e6 3. d4 cxd4 4. Nxd4 a6 5. Qf3 d6 6. Nc3 Nf6 7. Bg5 Nbd7 8. O-O-O Qc7 9. a4 Be7 10. g4 b5 11. axb5 axb5 12. Bxb5 Bb7 13. Bxf6 Bxf6 14. Qe3 O-O 15. g5 Be7 16. h4 Nc5 17. h5 Rfc8 18. g6 Bf6 19. Kd2 Qa5 20. gxf7+ Kxf7 21. Ke2 Qb4 22. Rh3 Qxb2 23. Rb1 Qa3 24. Rf3 h6 25. Rg1 Rf8 26. Rxf6+ Kxf6 27. Qf4+ 1-0


[Site "https://www.chess.com"]

[Event "Titled Tuesday Blitz May 16 Late 2023"]
[White "Durarbayli, Vasif"]
[Black "Fernandez Guillen, Ernesto J."]
[WhiteFideId "13402935"]
[BlackFideId "3512428"]
[WhiteElo "2551"]
[BlackElo "2429"]
[Result "1-0"]
[Round "09"]
[TimeControl "180+2"]
[Date "2023.05.16"]
[WhiteClock "0:00:21"]
[BlackClock "0:00:01"]

1. e4 e5 2. Nc3 Nc6 3. f4 exf4 4. d4 g5 5. h4 Bg7 6. d5 Ne5 7. hxg5 Qxg5 8. Nge2 Ng6 9. Qd3 Be5 10. Bd2 Nf6 11. g3 d6 12. Nb5 O-O 13. Nxc7 Rb8 14. gxf4 Nxf4 15. Nxf4 Bxf4 16. O-O-O Bg4 17. Be2 Rbc8 18. Nb5 Rfe8 19. Nxd6 Bxd2+ 20. Rxd2 Qf4 21. Bxg4 Nxg4 22. Nxc8 Rxc8 23. Rg1 h5 24. d6 Rd8 25. d7 Kh8 26. Qd4+ f6 27. Kb1 Ne5 28. Qd6 h4 29. Qe7 Rxd7 30. Rxd7 Nxd7 31. Qg7# 1-0


[Site "https://www.chess.com"]

[Event "Titled Tuesday Blitz May 16 Late 2023"]
[White "Grigoriants, Sergey"]
[Black "Hambleton, Aman"]
[WhiteFideId "4130804"]
[BlackFideId "2606577"]
[WhiteElo "2502"]
[BlackElo "2511"]
[Result "1-0"]
[Round "09"]
[TimeControl "180+2"]
[Date "2023.05.16"]
[WhiteClock "0:00:03"]
[BlackClock "0:00:01"]

1. d4 Nf6 2. c4 e6 3. Nc3 Bb4 4. e3 O-O 5. Bd3 d5 6. Nf3 c5 7. O-O cxd4 8. exd4 dxc4 9. Bxc4 b6 10. Bg5 Bxc3 11. bxc3 Qc7 12. Bd3 Nbd7 13. c4 Bb7 14. Re1 h6 15. Bh4 Qf4 16. Bg3 Qg4 17. Re3 Rfd8 18. h3 Qh5 19. Qb3 Rac8 20. Rae1 Qa5 21. Ne5 Nxe5 22. Bxe5 Nd7 23. Bd6 Bc6 24. Bb4 Qa4 25. Qb2 Bb7 26. d5 exd5 27. Rg3 f6 28. Bf5 Rxc4 29. Re7 Qxb4 30. Rgxg7+ Kf8 31. Ref7+ Ke8 32. Bg6 Qxb2 33. Rg8+ Nf8 34. Rgxf8# 1-0


[Site "https://www.chess.com"]

[Event "Titled Tuesday Blitz May 16 Late 2023"]
[White "Alex_Sahakyan2006"]
[Black "Xiong, Jeffery"]
[BlackFideId "2047640"]
[WhiteElo "2713"]
[BlackElo "2726"]
[Result "0-1"]
[Round "09"]
[TimeControl "180+2"]
[Date "2023.05.16"]
[WhiteClock "0:00:08"]
[BlackClock "0:02:11"]

1. d4 g6 2. Nf3 Bg7 3. Bf4 d6 4. e3 Nd7 5. h3 e5 6. Bh2 Nh6 7. Nbd2 O-O 8. c3 Qe7 9. Bd3 f5 10. Bc4+ Kh8 11. Bg3 Nb6 12. Bb3 f4 13. Bh4 Qe8 14. O-O e4 15. Nh2 f3 16. gxf3 Bxh3 17. fxe4 Bxf1 18. Qxf1 a5 19. a4 Qd7 20. Qg2 Rae8 21. Rf1 Nxa4 22. f4 Nxb2 23. e5 a4 24. Ba2 a3 25. Ne4 Nf5 26. Bf6 Nxe3 27. Qf3 Nxf1 28. Qxf1 Bxf6 29. Nxf6 Rxf6 30. exf6 Rf8 31. f7 Rxf7 32. Bxf7 Qxf7 33. Qa1 Qb3 34. Qe1 Qd1 0-1


[Site "https://www.chess.com"]

[Event "Titled Tuesday Blitz May 16 Late 2023"]
[White "Denishev, Marat"]
[Black "Iturrizaga Bonelli, Eduardo"]
[WhiteFideId "24131563"]
[BlackFideId "3901211"]
[WhiteElo "2311"]
[BlackElo "2637"]
[Result "0-1"]
[Round "09"]
[TimeControl "180+2"]
[Date "2023.05.16"]
[WhiteClock "0:00:01"]
[BlackClock "0:01:07"]

1. d4 Nf6 2. Nc3 d5 3. Bf4 e6 4. Nb5 Na6 5. e3 c6 6. Nc3 Nc7 7. Nf3 Be7 8. Bd3 O-O 9. O-O b6 10. Ne2 Ba6 11. Ng3 Bxd3 12. cxd3 c5 13. Rc1 Rc8 14. dxc5 bxc5 15. Qa4 a6 16. Ne5 Bd6 17. b4 cxb4 18. Rc6 Nfe8 19. d4 g5 20. Rfc1 gxf4 21. exf4 Ra8 22. Nh5 Nb5 23. Qb3 Nxd4 24. Qg3+ Kh8 25. Qd3 Bxe5 26. fxe5 Nxc6 27. Rxc6 Rc8 0-1


[Site "https://www.chess.com"]

[Event "Titled Tuesday Blitz May 16 Late 2023"]
[White "benny_aizenberg"]
[Black "Rustemov, Alexander"]
[BlackFideId "4119002"]
[WhiteElo "2690"]
[BlackElo "2967"]
[Result "1-0"]
[Round "09"]
[TimeControl "180+2"]
[Date "2023.05.16"]
[WhiteClock "0:01:27"]
[BlackClock "0:00:00"]

1. f4 d5 2. Nf3 Nf6 3. g3 g6 4. Bg2 Bg7 5. O-O O-O 6. d3 c5 7. c3 Nc6 8. Nbd2 d4 9. Qc2 Nd5 10. e4 Ne3 11. Qb3 Nxf1 12. Bxf1 b6 13. e5 Bb7 14. Bg2 dxc3 15. Qxc3 Nb4 16. Ne1 Bxg2 17. Kxg2 Qd5+ 18. Ndf3 Nxa2 19. Qa3 Nb4 20. Be3 Rfd8 21. d4 cxd4 22. Bxd4 Nc6 23. Bf2 Qa5 24. Qxa5 Nxa5 25. Nd4 e6 26. b4 Nc4 27. Nc6 Rd7 28. b5 Bf8 29. Nf3 Bc5 30. Bxc5 bxc5 31. Rc1 Ne3+ 32. Kf2 Ng4+ 33. Ke2 h5 34. Rxc5 Nh6 35. Ng5 Nf5 36. Ne4 Nd4+ 37. Ke3 Nxc6 38. Nf6+ Kg7 39. Nxd7 Ne7 40. Nf6 a6 41. b6 Rb8 42. Rc7 Nf5+ 43. Ke4 Rxb6 44. Rc8 Nh6 45. Ra8 Rb2 46. h3 Rb3 47. g4 Rxh3 48. g5 Ra3 49. gxh6+ Kxh6 50. Ra7 Kg7 51. Ne8+ Kg8 52. Nd6 Ra4+ 53. Kf3 Ra3+ 54. Kg2 Ra2+ 55. Kg3 Ra3+ 56. Kh4 Rf3 57. Kg5 Rg3+ 58. Kh6 Kf8 59. Rxf7+ Kg8 60. Re7 1-0


[Site "https://www.chess.com"]

[Event "Titled Tuesday Blitz May 16 Late 2023"]
[White "Baskakov, Egor"]
[Black "Mirimanian, Hayk"]
[WhiteFideId "24197866"]
[BlackFideId "4700180"]
[WhiteElo "2225"]
[BlackElo "2280"]
[Result "0-1"]
[Round "09"]
[TimeControl "180+2"]
[Date "2023.05.16"]
[WhiteClock "0:00:38"]
[BlackClock "0:00:11"]

1. e4 c5 2. Nf3 d6 3. d4 cxd4 4. Nxd4 Nf6 5. Nc3 a6 6. a4 e5 7. Nde2 Be6 8. g3 Nbd7 9. Bg2 h5 10. h3 Be7 11. a5 O-O 12. Be3 Rc8 13. O-O Nc5 14. b3 Bd7 15. Nd5 Ncxe4 16. Bb6 Qe8 17. Nc7 Rxc7 18. Bxc7 Qc8 19. Bb6 Bxh3 20. f3 Ng5 21. c4 Bxg2 22. Kxg2 Qh3+ 23. Kf2 h4 24. Rh1 Qf5 25. Ng1 Nfe4+ 26. Kg2 Nxg3 27. Rh2 Ne6 28. Be3 Bg5 29. Qd2 Bxe3 30. Qxe3 Nf4+ 31. Kf2 g5 32. Rd1 d5 33. cxd5 Rc8 34. Rd2 Rc1 35. Qb6 Rf1+ 36. Ke3 Rxg1 37. d6 Re1+ 38. Kf2 Rf1+ 39. Ke3 e4 40. Rhf2 Nd5+ 41. Rxd5 Qxd5 42. Rxf1 Qd3+ 43. Kf2 Qxf1+ 44. Ke3 Qxf3+ 45. Kd2 Qd3+ 46. Kc1 Ne2+ 47. Kb2 Qd4+ 48. Ka3 Qxb6 49. axb6 Nd4 50. d7 Ne6 0-1


[Site "https://www.chess.com"]

[Event "Titled Tuesday Blitz May 16 Late 2023"]
[White "koncheto"]
[Black "Mekhitarian, Krikor Sevag"]
[BlackFideId "2107660"]
[WhiteElo "2590"]
[BlackElo "2604"]
[Result "1/2-1/2"]
[Round "09"]
[TimeControl "180+2"]
[Date "2023.05.16"]
[WhiteClock "0:00:08"]
[BlackClock "0:00:10"]

1. e4 e6 2. d4 d5 3. Nd2 c5 4. Ngf3 cxd4 5. Nxd4 Nf6 6. Bd3 e5 7. N4f3 dxe4 8. Nxe4 Nxe4 9. Bxe4 Qxd1+ 10. Kxd1 Nd7 11. c3 Nc5 12. Bc2 f6 13. Be3 Be6 14. b3 O-O-O+ 15. Ke2 Be7 16. Rad1 g6 17. h3 Bd5 18. g4 Ne4 19. Bxe4 Bxe4 20. Bxa7 Kc7 21. Be3 b5 22. Rhe1 Ra8 23. Rd2 Rhd8 24. Red1 Rxd2+ 25. Rxd2 Kc6 26. Ne1 Bd5 27. Nd3 Bd6 28. Nb4+ Bxb4 29. cxb4 Be4 30. Bc5 Bd5 31. Ke3 g5 32. f3 Re8 33. Rh2 Bf7 34. h4 gxh4 35. Rxh4 Bg6 36. Rh2 Rd8 37. Rd2 Rxd2 38. Kxd2 Kd5 39. a4 Be8 40. a5 Bd7 41. Ke3 Bc8 42. Kd3 Bb7 43. Ke3 Ke6 44. f4 exf4+ 45. Kxf4 Bc8 46. Bd4 Bb7 47. g5 fxg5+ 48. Kxg5 Kd7 49. Kh6 Kc8 50. Kxh7 Bc6 51. Kg7 Kb7 52. Kf6 Ka6 53. Ke7 Bf3 54. Kd6 Bd1 55. Kc5 Bxb3 56. Bc3 Bc4 57. Bd4 Bb3 58. Bc3 Bc4 59. Bd4 Bb3 1/2-1/2


[Site "https://www.chess.com"]

[Event "Titled Tuesday Blitz May 16 Late 2023"]
[White "Bitoon, Richard"]
[Black "Grinev, Valeriy"]
[WhiteFideId "5201110"]
[BlackFideId "14117517"]
[WhiteElo "2374"]
[BlackElo "2366"]
[Result "0-1"]
[Round "09"]
[TimeControl "180+2"]
[Date "2023.05.16"]
[WhiteClock "0:00:03"]
[BlackClock "0:01:11"]

1. e4 c5 2. c3 Nf6 3. e5 Nd5 4. d4 cxd4 5. Nf3 d6 6. cxd4 Nc6 7. Bc4 dxe5 8. dxe5 Be6 9. O-O g6 10. Qe2 Bg7 11. Rd1 O-O 12. Bg5 Qa5 13. Nbd2 Rfd8 14. Bb3 Nc7 15. Nc4 Qa6 16. Qe4 Bd5 17. Qg4 Ne6 18. Be3 Bxf3 19. Qxf3 Nxe5 20. Nxe5 Bxe5 21. Bxe6 fxe6 22. Bh6 Bxb2 23. Rxd8+ Rxd8 24. Rd1 Rxd1+ 25. Qxd1 Qd6 26. Qf3 Bg7 27. Be3 Qd5 28. Qe2 b6 29. g3 Bf6 30. Qa6 Qd7 31. Qc4 Kf7 32. Bh6 Qd1+ 33. Qf1 Qxf1+ 34. Kxf1 e5 35. Be3 Ke6 36. Ke2 Kd5 37. Kd3 e4+ 38. Kc2 Kc4 39. Bf4 Bd4 40. Bg5 e6 41. Be3 Bxe3 42. fxe3 b5 43. h3 b4 44. Kd2 a5 45. Kc2 a4 46. Kd2 b3 47. a3 b2 48. Kc2 b1=Q+ 49. Kxb1 Kb3 50. Ka1 Kxa3 51. Kb1 Kb3 52. Ka1 Kc3 53. Ka2 Kd3 54. Ka3 Kxe3 55. Kxa4 Kf2 56. g4 e3 57. g5 e2 58. h4 e1=Q 59. h5 Qb1 60. h6 Ke3 61. Ka3 Kd4 62. Ka4 Kc4 63. Ka5 Qb5# 0-1


[Site "https://www.chess.com"]

[Event "Titled Tuesday Blitz May 16 Late 2023"]
[White "Perske, Thore"]
[Black "Rastbod, Ali"]
[WhiteFideId "12902195"]
[BlackFideId "12567477"]
[WhiteElo "2336"]
[BlackElo "2274"]
[Result "0-1"]
[Round "09"]
[TimeControl "180+2"]
[Date "2023.05.16"]
[WhiteClock "0:00:00"]
[BlackClock "0:00:09"]

1. d4 d6 2. g3 e5 3. Bg2 Nf6 4. e4 Be7 5. Ne2 O-O 6. O-O Re8 7. Re1 c6 8. a4 a5 9. Nbc3 Na6 10. h3 Be6 11. Be3 Nb4 12. Qd2 Bc4 13. Rad1 Qc7 14. g4 g6 15. Ng3 Rad8 16. f4 Nd7 17. b3 Ba6 18. Kh2 Bh4 19. Rg1 b6 20. Nce2 Nf8 21. f5 exd4 22. Nxd4 c5 23. Nde2 Bf6 24. c4 Be5 25. Bf4 Bb7 26. Rgf1 Nc6 27. Nc3 Nd4 28. Nb5 Qb8 29. Nxd4 cxd4 30. Rf2 Nd7 31. Rdf1 Nc5 32. Bxe5 dxe5 33. fxg6 fxg6 34. Rf7 Rd7 35. R7f6 Rg7 36. Rxb6 Qc7 37. Qxa5 Nxb3 38. Qb4 Nc5 39. Rb5 Rc8 40. a5 Ba6 41. Rb6 Nd3 42. Qd6 Bxc4 43. Qxc7 Rgxc7 44. Rff6 Nf4 45. a6 Ra7 46. Rfd6 Rca8 47. Bf1 Bxf1 48. Nxf1 Ne2 49. Nd2 Nc3 50. Nc4 Nxe4 51. Nxe5 Nxd6 52. Rxd6 Rxa6 53. Rxd4 Re6 54. Nf3 Ra3 55. Rf4 Re2+ 56. Kg3 Re1 57. g5 Rg1+ 58. Kf2 Rh1 59. h4 Kg7 60. Kg2 Rb1 61. Kg3 Rbb3 62. Kg2 Rb7 63. Kg3 Rf7 64. Kg4 Rxf4+ 65. Kxf4 Kf7 66. Ne5+ Ke6 67. Ng4 Ra4+ 68. Kg3 Kf5 69. Nh6+ Ke5 70. Nf7+ Ke4 71. Nh6 Ra3+ 72. Kg4 Ra1 73. Ng8 Rg1+ 74. Kh3 Kf3 75. Kh2 Rg2+ 76. Kh3 Rg3+ 77. Kh2 Rg4 78. Kh3 Rf4 79. Nf6 h5 80. Ng8 Ra4 81. Ne7 Ra6 82. Nd5 Kf2 83. Nf4 Ke3 84. Nd5+ Kf3 85. Ne7 Ke4 86. Kg3 Ke5 87. Kf3 Re6 88. Ng8 Kf5 89. Nh6+ Ke5 90. Nf7+ Kd5 91. Nh6 Ra6 92. Ng8 Ra4 93. Kg3 Ke5 94. Ne7 Ra6 95. Kf3 Kd4 96. Kf4 Re6 97. Ng8 Re4+ 98. Kg3 Rg4+ 99. Kh3 Re4 100. Kg3 Ke5 101. Ne7 Rg4+ 102. Kh3 Kf4 103. Nxg6+ Ke4 104. Ne7 Kf3 105. Nf5 Kf4 106. Ng7 Rg3+ 107. Kh2 Kg4 108. g6 Rh3+ 109. Kg2 Rxh4 110. Ne6 Rh3 111. g7 Rg3+ 112. Kf2 Kh3 113. Nf4+ Kh2 114. Nxh5 Rg5 115. Kf3 Kh3 116. Kf4 Kh4 117. g8=Q Rxg8 118. Nf6 Rg1 119. Kf5 Rf1+ 120. Ke5 Kg5 121. Ne4+ Kg6 122. Nd6 Re1+ 123. Ne4 Kh5 124. Kf5 Kh4 125. Kf4 Rf1+ 126. Ke3 Rf8 127. Nc5 Kg3 128. Ne4+ Kg4 129. Kd4 Kf4 130. Nc5 Rd8+ 131. Kc4 Ke3 0-1


[Site "https://www.chess.com"]

[Event "Titled Tuesday Blitz May 16 Late 2023"]
[White "Matinian, Nikita"]
[Black "Guz, Ari"]
[WhiteFideId "24129100"]
[BlackFideId "2825759"]
[WhiteElo "2422"]
[BlackElo "2205"]
[Result "0-1"]
[Round "09"]
[TimeControl "180+2"]
[Date "2023.05.16"]
[WhiteClock "0:00:00"]
[BlackClock "0:00:14"]

1. e4 Nf6 2. e5 Nd5 3. d4 d6 4. Nf3 Bg4 5. Be2 e6 6. O-O Nc6 7. Nbd2 Be7 8. h3 Bh5 9. exd6 cxd6 10. Ne4 O-O 11. c3 Bg6 12. Ng3 e5 13. Bc4 Nb6 14. Bb3 e4 15. Nh2 d5 16. f4 exf3 17. Nxf3 Bd6 18. Ne2 Be4 19. Ng5 Bg6 20. Nf3 Be4 21. Ng5 Bg6 22. a4 Na5 23. Bc2 Nac4 24. a5 Nd7 25. a6 bxa6 26. Rxa6 Ndb6 27. Bxg6 hxg6 28. b3 Na3 29. Rxf7 Rxf7 30. Nxf7 Kxf7 31. Bxa3 Bxa3 32. Rxa3 Qe7 33. Ra2 Qe3+ 34. Kh2 Kg8 35. Qd2 Qe4 36. Ng3 Qe6 37. Qg5 Rc8 38. Rxa7 Rxc3 39. Re7 Qf6 40. Re8+ Kf7 41. Qxf6+ gxf6 42. Rb8 Rxb3 43. Rb7+ Ke6 44. Ne2 g5 45. Nc1 Rb1 46. Nd3 Kf5 47. Nc5 Rb2 48. Nd3 Rb3 49. Nc5 Rb2 50. Na6 Nc4 51. Rd7 Ne3 52. Kg3 Nxg2 53. Rxd5+ Kg6 54. Nc5 Nf4 55. Rd8 Rg2+ 56. Kf3 Rh2 57. d5 Rxh3+ 58. Kf2 Rc3 59. Ne4 Rd3 0-1


[Site "https://www.chess.com"]

[Event "Titled Tuesday Blitz May 16 Late 2023"]
[White "Pasti, Aron"]
[Black "Iliaguev, Nisim"]
[WhiteFideId "785857"]
[BlackFideId "2817276"]
[WhiteElo "2173"]
[BlackElo "2241"]
[Result "1-0"]
[Round "09"]
[TimeControl "180+2"]
[Date "2023.05.16"]
[WhiteClock "0:00:22"]
[BlackClock "0:00:00"]

1. e4 c6 2. d4 d5 3. Nc3 dxe4 4. Nxe4 Nf6 5. Nxf6+ exf6 6. c3 Bd6 7. Bd3 O-O 8. Ne2 Re8 9. O-O h6 10. Ng3 Be6 11. f4 Qc7 12. f5 Bxg3 13. hxg3 Bc8 14. Qg4 Kf8 15. Bf4 Qd7 16. Rae1 Re7 17. Qh4 Qd8 18. Bxh6 gxh6 19. Qxf6 Ke8 20. Qg7 Kd7 21. f6 Rxe1 22. Qxf7+ Kd6 23. Rxe1 Bd7 24. Qg7 Na6 25. f7 Qh8 26. Qg6+ Kc7 27. Bf5 Rf8 28. Re7 Nb8 29. Bxd7 Nxd7 30. Qe6 Rd8 31. Re8 Qg7 32. Rg8 Qh7 33. Rxd8 Kxd8 34. Qxd7+ 1-0


[Site "https://www.chess.com"]